 Dungeon Crawl Stone Soup version 0.20.0-15-g7f486f2 (webtiles) character file.

2361 Chiseanne the Conjurer (level 9, -1/68 HPs)
             Began as a Demigod Conjurer on June 18, 2017.
             Slain by a steam dragon (5 damage)
             ... on level 7 of the Dungeon on June 19, 2017.
             The game lasted 00:37:00 (7662 turns).

Chiseanne the Conjurer (Demigod Conjurer)           Turns: 7662, Time: 00:37:00

Health: -1/68      AC:  4    Str: 11    XL:     9   Next: 1%
Magic:  8/22       EV: 19    Int: 25    God:
Gold:   294        SH:  0    Dex: 21    Spells: 6/20 levels left

rFire    . . .     SeeInvis .   a - +2 dagger (venom)
rCold    . . .     Gourm    .   (no shield)
rNeg     + . .     Faith    .   y - +0 robe {rN+}
rPois    +         Spirit   .   t - +0 helmet
rElec    .         Reflect  .   (no cloak)
rCorr    .         Harm     .   E - +0 pair of gloves
MR       .....                  (no boots)
Stlth    +++.......             (no amulet)
Regen    0.3/turn               B - ring of wizardry
MPRegen  0.2/turn               i - ring of poison resistance

@: agile
A: high mp 1
a: no special abilities


You were on level 7 of the Dungeon.
You were hungry.

You visited 1 branch of the dungeon, and saw 7 of its levels.

You collected 294 gold pieces.

Inventory:

Hand Weapons
 a - a +2 dagger of venom (weapon)
 d - a +1 halberd of chopping
 s - a +1 mace of holy wrath
 G - a +1 dagger of venom
Missiles
 j - 6 poisoned needles
 k - 29 arrows
 p - 110 stones
 q - 3 poisoned javelins (quivered)
 u - 5 tomahawks
 x - 19 bolts
 A - 11 sling bullets
Armour
 h - a +2 scale mail of poison resistance
 t - a +0 helmet (worn)
 y - a +0 robe of positive energy (worn)
 E - a +0 pair of gloves (worn)
Jewellery
 i - a ring of poison resistance (right hand)
 B - a ring of wizardry (left hand)
Scrolls
 e - 3 scrolls of amnesia
 o - 3 scrolls of remove curse
 r - 4 scrolls of teleportation
 F - a scroll of fog
 H - a scroll of magic mapping
Potions
 f - a potion of haste
 g - a potion of lignification
 l - a potion of mutation {unknown}
 m - 2 potions of flight
 v - a potion of agility
 C - a potion of curing
Comestibles
 b - a chunk of flesh
 c - 4 bread rations
 n - 2 meat rations
 w - 7 fruits
 z - a royal jelly


   Skills:
 * Level 2.4 Fighting
 * Level 3.3 Dodging
 - Level 1.7 Stealth
 * Level 6.1 Spellcasting
 - Level 6.8 Conjurations
 - Level 5.1 Hexes
 * Level 2.8 Translocations


You had 6 spell levels left.
You knew the following spells:

 Your Spells              Type           Power        Failure   Level  Hunger
a - Magic Dart            Conj           ####         1%          1    None
b - Searing Ray           Conj           #####.       1%          2    None
c - Dazzling Spray        Conj/Hex       #####.       1%          3    None
d - Iskenderun's Mystic   Conj           #####...     1%          4    ###....
e - Force Lance           Conj/Tloc      ####....     4%          4    ###....


Dungeon Overview and Level Annotations

Branches:
Dungeon (7/15)             Temple (0/1) D:6

Annotations:
D:3 1 runed door
D:4 McKennaii's ghost, amateur DgIE
D:7 Joseph


Innate Abilities, Weirdness & Mutations

You have an increased reservoir of magic. (+10% MP)


Message History

Joseph is severely wounded.
Joseph shoots a sling bullet.
The sling bullet hits you! The steam dragon breathes steam at you.
The ball of steam hits you!
* * * LOW HITPOINT WARNING * * *
Joseph shoots a sling bullet.
The sling bullet hits you but does no damage.
You see here a sling bullet.
You feel much better. The steam dragon closely misses you.
The steam dragon claws you.
* * * LOW HITPOINT WARNING * * *
Joseph shoots a sling bullet.
The sling bullet hits you!
* * * LOW HITPOINT WARNING * * *
x2 You feel better.
The steam dragon misses you. The steam dragon barely misses you.
You feel agile all of a sudden. The steam dragon bites you!
* * * LOW HITPOINT WARNING * * *
The steam dragon claws you.
You die...

##### ###...#
#...#.########
#>.........÷.#
#..@..<....#..#
#.D#######..#.#
#.@###§≈≈##.#.#
#..(#§..≈≈#.# #
#...(§.§§§#..
#..(#...§§##.#
#..###..§§§#.#
.....#
####.§#.#
#####.# §#


You could see Joseph and a steam dragon.

Vanquished Creatures
  A two-headed ogre (D:5)
  Sigmund (D:3)
  2 steam dragons (D:7)
  An ice beast (D:6)
  3 bullfrogs (D:6)
  A howler monkey (D:6)
  A crimson imp (D:6)
  A hound (D:6)
  A jelly (D:5)
  A bullfrog zombie (D:6)
  A centaur zombie (D:6)
  5 orc priests
  A bullfrog skeleton (D:5)
  6 orc wizards
  An iguana (D:7)
  3 worker ant zombies
  13 gnolls
  7 adders
  2 shadow imps
  2 adder skeletons (D:4)
  6 worms
  3 dart slugs
  6 leopard geckos
  20 orcs
  7 bats
  22 giant cockroaches
  14 goblins
  5 hobgoblins
  16 jackals
  3 quokkas
  2 ball pythons
  3 frilled lizards
  2 goblin skeletons (D:3)
  6 kobolds
  A quokka skeleton (D:4)
  A quokka zombie (D:5)
  12 rats
183 creatures vanquished.

Notes
Turn   | Place    | Note
-------+----------+-------------------------------------------
     0 | D:1      | Chiseanne the Demigod Conjurer began the quest for the Orb.
     0 | D:1      | Reached XP level 1. HP: 14/14 MP: 5/5
   401 | D:1      | Reached XP level 2. HP: 20/20 MP: 5/7
  1201 | D:2      | Reached XP level 3. HP: 14/26 MP: 0/9
  1425 | D:2      | Learned a level 2 spell: Searing Ray
  1429 | D:2      | Learned a level 3 spell: Dazzling Spray
  1778 | D:2      | Reached skill level 1 in Hexes
  2138 | D:2      | Reached XP level 4. HP: 32/33 MP: 6/11
  2626 | D:3      | Noticed Sigmund
  2633 | D:3      | Killed Sigmund
  2633 | D:3      | Reached skill level 5 in Conjurations
  2633 | D:3      | Reached XP level 5. HP: 28/38 MP: 6/13
  2942 | D:3      | Found a sparkling altar of Nemelex Xobeh.
  3036 | D:3      | Found a runed door.
  3036 | D:3      | Noticed a human
  3042 | D:3      | Found a basalt altar of Yredelemnul.
  3088 | D:3      | Azazapper: Hmm
  3088 | D:3      | Azazapper: Maybe you open dat door?
  3088 | D:3      | Chiseanne: what you hmming?
  3088 | D:3      | Azazapper: With human inside?
  3088 | D:3      | Chiseanne: wou just want to see me killing that human!
  3095 | D:3      | Azazapper: He seems lonely...
  3096 | D:3      | Chiseanne: thats ok. hes meditating
  3122 | D:3      | Reached XP level 6. HP: 37/45 MP: 12/14
  3222 | D:3      | Learned a level 4 spell: Iskenderun's Mystic Blast
  3487 | D:3      | Chiseanne: I wonder if theres loot in this empty dungeon ...
  3779 | D:3      | Azazapper: Here is the honey for y!
  3899 | D:3      | Chiseanne: what? where?
  3921 | D:3      | Azazapper: royal jelly
  3923 | D:3      | Azazapper: lal
  3923 | D:3      | Chiseanne: haha
  4180 | D:4      | Chiseanne: yay!
  4186 | D:4      | Noticed McKennaii's ghost (amateur DgIE)
  4281 | D:5      | Entered Level 5 of the Dungeon
  4428 | D:5      | Noticed a two-headed ogre
  4445 | D:5      | Killed a two-headed ogre
  4445 | D:5      | Reached XP level 7. HP: 5/50 MP: 9/17
  4754 | D:5      | Found a blossoming altar of Fedhas.
  4797 | D:5      | Reached skill level 5 in Spellcasting
  5140 | D:4      | Reached XP level 8. HP: 57/57 MP: 16/19
  5342 | D:4      | Learned a level 4 spell: Force Lance
  5642 | D:5      | Azazapper: Demigod have negative aptitudes in most skills. Also, he can't worship gods. Where is the compensation?
  5642 | D:5      | Chiseanne: you get double stat points on level up
  5642 | D:5      | Azazapper: that's all?
  5642 | D:5      | Chiseanne: never played them really so I am going to find out if thats any good
  5642 | D:5      | Chiseanne: http://crawl.chaosforge.org/Demigod
  5642 | D:5      | Chiseanne: check the link for more
  5710 | D:6      | Reached skill level 5 in Hexes
  5882 | D:6      | Azazapper: pure caster?
  5897 | D:6      | Chiseanne: was the question if I am going to pülay this as a pure casteR?
  5897 | D:6      | Azazapper: I am thinking of investing some points into armor skill, after your casting skills will be...12 each
  5897 | D:6      | Azazapper: So you can wear something better than robe, and annihilate everyone with your spells
  5897 | D:6      | Azazapper: and yeah
  5897 | D:6      | Chiseanne: for me it would depend on the stuff I find..sometimes it might be worthwhile to invest in melee too
  5897 | D:6      | Chiseanne: so yeah I will go pure caster until Im satisfied with the casting skill and see if I can get other skills up as I see fit
  6064 | D:6      | Chiseanne: if there only was some good stuff in this boring and empty place
  6158 | D:6      | Chiseanne: now I wish I could go Gozak
  6263 | D:6      | Reached skill level 1 in Translocations
  6297 | D:6      | Got a crude leather armour
  6298 | D:6      | Chiseanne: uuuuuuuhhhh
  6308 | D:6      | Identified the +1 leather armour "Hocor" {-Cast rN+ Str+3 Int+3} (You found it on level 6 of the Dungeon)
  6308 | D:6      | Chiseanne: meh
  6385 | D:6      | Reached skill level 1 in Fighting
  6892 | D:6      | Found a staircase to the Ecumenical Temple.
  6904 | D:6      | Azazapper: HA HA
  6908 | D:6      | Azazapper: Temple
  6923 | D:6      | Chiseanne: shopping mall would be better
  7258 | D:7      | Chiseanne: ok gotta go run some errands..thanks for hanging out with me. ttyl :)
  7258 | D:7      | Azazapper: bye!
  7258 | D:7      | Chiseanne: bye
  7276 | D:7      | Noticed Joseph
  7542 | D:7      | Reached XP level 9. HP: 61/68 MP: 12/21
  7655 | D:7      | HP: 3/68 [steam dragon/ball of steam (19)]
  7662 | D:7      | Slain by a steam dragon

Skill      XL: |  1  2  3  4  5  6  7  8 |
---------------+-------------------------+-----
Spellcasting   | 2 3 4 5 6 |  6.1
Conjurations   | 4 5 6 |  6.8
Hexes          | 1 2 4 5 |  5.1
Translocations | 2 |  2.8
Dodging        | 3 |  3.3
Fighting       | 2 |  2.4
Stealth        | |  1.7

Action                   |  1- 3 |  4- 6 |  7- 9 || total
-------------------------+-------+-------+-------++-------
Melee: Mace              |     1 |       |    17 ||    18
       Halberd           |     9 |    40 |       ||    49
       Dagger            |       |     3 |    61 ||    64
Throw: Javelin           |       |     4 |       ||     4
 Cast: Magic Dart        |    52 |   119 |    75 ||   246
       Searing Ray       |     3 |    12 |    11 ||    26
       Iskenderun's Myst |       |     1 |     6 ||     7
       Dazzling Spray    |       |       |    24 ||    24
       Force Lance       |       |       |     9 ||     9
  Use: Scroll            |     9 |     5 |     5 ||    19
       Potion            |       |     2 |     6 ||     8
 Stab: Sleeping          |     1 |     2 |       ||     3
       Invisible         |       |       |     2 ||     2
  Eat: Chunk             |     4 |     7 |    12 ||    23
Armor: Robe              |     5 |    20 |    26 ||    51
       Skin              |       |    11 |       ||    11
Dodge: Dodged            |    24 |    42 |   100 ||   166
